 Dungeon Crawl Stone Soup version 0.18.1-48-g4cf74bf (webtiles) character file.

26 djnw the Caller (level 2, -14/19 HPs)
             Began as a Mummy Summoner on Aug 24, 2016.
             Killed from afar by Sigmund (16 damage)
             ... with a puff of flame
             ... on level 2 of the Dungeon.
             The game lasted 00:04:52 (1350 turns).

djnw the Caller (Mummy Summoner)                    Turns: 1350, Time: 00:04:54

Health: -14/19     AC:  2    Str: 11    XL:     2   Next: 89%
Magic:  1/5        EV: 12    Int: 14    God:
Gold:   63         SH:  0    Dex: 12    Spells: 2 memorised, 2 levels left

rFire  x . .     SeeInvis .     e - +0 spear
rCold  + . .     Gourm    .     a - +0 robe
rNeg   + + +     Faith    .     (no shield)
rPois  ∞         Spirit   .     (no helmet)
rElec  .         Dismiss  .     (no cloak)
rCorr  .         Reflect  .     (no gloves)
SustAt .         Harm     .     (no boots)
MR     .....                    (no amulet)
Stlth  ++........               (no ring)
                                (no ring)

@: not resistant to hostile enchantments, unstealthy
A: no food or potions, fire vulnerability, cold resistance 1, negative energy
resistance 3, torment resistance, unbreathing
a: no special abilities


You were on level 2 of the Dungeon.
You were not hungry.

You visited 1 branch of the dungeon, and saw 2 of its levels.

You collected 63 gold pieces.

Inventory:

Hand Weapons
 e - a +0 spear (weapon)
Armour
 a - a +0 robe (worn)
Books
 b - a book of Callings

   Spells                             Type                      Level
   a - Summon Small Mammal            Summoning                    1
   b - Call Imp                       Summoning                    2
   c - Call Canine Familiar           Summoning                    3
   d - Summon Guardian Golem          Hexes/Summoning              3
   e - Summon Lightning Spire         Summoning/Air                4
   f - Summon Ice Beast               Ice/Summoning                4


   Skills:
 - Level 1.5 Dodging
 - Level 1.5 Stealth
 + Level 2.4 Spellcasting
 * Level 3.8 Summonings


You had 2 spell levels left.
You knew the following spells:

 Your Spells              Type           Power        Failure   Level  Hunger
a - Summon Small Mammal   Summ           ##..         6%          1    N/A
b - Call Imp              Summ           ##......     10%         2    N/A

Dungeon Overview and Level Annotations

Branches:
Dungeon (2/15)

Altars:

Annotations:
D:2 Sigmund


Innate Abilities, Weirdness & Mutations

You do not eat or drink.
Your flesh is vulnerable to fire.
You are immune to poison.
Your flesh is cold resistant.
You are immune to negative energy.
You are immune to unholy pain and torment.
You can survive without breathing.


Message History

A magic dart appears from out of thin air!
The magic dart hits your white imp.
Your white imp dies!
A puff of flame appears from out of thin air!
The puff of flame hits you! The fire burns you terribly!
Ouch! That really hurt!
* * * LOW HITPOINT WARNING * * *
A kobold comes into view.
You see here 3 stones.
A goblin comes into view. It is wielding a staff of wizardry.
The goblin shouts!
You see here a stone.
Casting: Summon Small Mammal
Confirm with . or Enter, or press ? or * to list all spells.
A beastly little devil appears in a puff of flame.
The kobold shouts!
A puff of flame appears from out of thin air!
The puff of flame hits you! The fire burns you terribly!
Ouch! That really hurt!
You die...

................#..#
#...
..######.........##.#
.................. ..
########.........# ...
#### #.#######.#
...#### #.#######g# #
......# #.........#.#
......###########.(..#
......'....†÷.(.@.##.#
......##########...K##
......# #.'.5......
......# #.#.%..####
......# ...#....#
......# ... ######
...#### ..... ####
##.. #..


You could see a goblin, a kobold and a friendly crimson imp.

Vanquished Creatures
  An ooze (D:1)
  A giant gecko (D:2)
  A hobgoblin (D:1)
  A ball python (D:2)
  A bat (D:1)
  A giant newt (D:2)
  A kobold (D:1)
  A rat (D:1)
8 creatures vanquished.

Vanquished Creatures (collateral kills)
  An ooze (D:1)
  A worm (D:2)
  A dart slug (D:1)
  2 giant cockroaches (D:2)
  2 goblins
  3 hobgoblins
  4 kobolds
  2 rats (D:2)
16 creatures vanquished.

Grand Total: 24 creatures vanquished

Notes
Turn   | Place    | Note
--------------------------------------------------------------
     0 | D:1      | djnw the Mummy Summoner began the quest for the Orb.
     0 | D:1      | Reached XP level 1. HP: 13/13 MP: 3/3
   689 | D:1      | Reached XP level 2. HP: 19/19 MP: 5/5
   693 | D:1      | Learned a level 2 spell: Call Imp
  1302 | D:2      | Noticed Sigmund
  1350 | D:2      | Killed from afar by Sigmund

Action                   || total
-------------------------++-------
Melee: Short sword       ||     7
       Unarmed           ||     2
       Spear             ||    28
 Cast: Summon Small Mamm ||    14
       Call Imp          ||     9
  Use: Scroll            ||     7
 Stab: Sleeping          ||     1
Armor: Robe              ||     1
Dodge: Dodged            ||    24
